 Dungeon Crawl Stone Soup version 0.19-a0-1007-g133f65f (webtiles) character file.

2533 Gruud the Basher (level 9, 2/97 HPs)
             Began as an Ogre Assassin on July 20, 2016.
             Was a Follower of Uskayaw.
             Quit the game on level 7 of the Dungeon.
             The game lasted 00:27:08 (6598 turns).

Gruud the Basher (Ogre Assassin)                    Turns: 6598, Time: 00:27:09

Health: 2/97       AC:  5    Str: 18    XL:     9   Next: 55%
Magic:  9/9        EV:  9    Int: 14    God:    Uskayaw [*.....]
Gold:   246        SH:  0    Dex: 14    Spells: 1 memorised, 5 levels left

rFire  . . .     SeeInvis .     z - -3 whip (curse)
rCold  . . .     Gourm    .     t - +0 robe
rNeg   . . .     Faith    .     (no shield)
rPois  .         Spirit   .     (helmet restricted)
rElec  .         Dismiss  .     d - +1 cloak
rCorr  .         Reflect  .     (gloves unavailable)
SustAt .         Harm     .     (boots unavailable)
MR     .....                    (no amulet)
Stlth  ++........               (no ring)
                                F - +4 ring of intelligence

@: drained, not resistant to hostile enchantments, unstealthy
A: unfitting armour, tough skin 1
a: Stomp, Renounce Religion


You were on level 7 of the Dungeon.
You worshipped Uskayaw.
Uskayaw was noncommittal.
You were not hungry.

You visited 2 branches of the dungeon, and saw 12 of its levels.

You collected 292 gold pieces.
You spent 46 gold pieces at shops.

Inventory:

Hand Weapons
 a - a +0 flail
 b - a +0 blowgun
 u - a cursed +0 whip
 y - a +1 giant spiked club
 z - a cursed -3 whip (weapon)
 B - a +0 giant club
 D - a +0 mace of protection
Missiles
 c - 47 poisoned needles
 f - 2 curare-tipped needles
 j - 7 needles of paralysis
Armour
 d - a +1 cloak (worn)
 t - a +0 robe (worn)
Jewellery
 F - a +4 ring of intelligence (left hand)
Wands
 q - a wand of lightning (4/15)
Scrolls
 e - a scroll of fog
 k - 3 scrolls of teleportation
 m - 3 scrolls of amnesia
 o - a scroll of enchant armour
 r - a scroll of magic mapping
 s - 5 scrolls of identify
 x - a scroll of remove curse {unknown}
 A - a scroll of fear
Potions
 h - 4 potions of brilliance
 n - a potion of might
 w - a potion of curing
 C - a potion of flight
Books
 E - a book of the Dragon

   Spells                             Type                      Level
   a - Flame Tongue                   Conjuration/Fire             1
   b - Cause Fear                     Hexes                        4
   c - Bolt of Fire                   Conjuration/Fire             6
   d - Dragon Form                    Transmutation                7
   e - Dragon's Call                  Summoning                    9
Comestibles
 g - 3 bread rations
 i - 2 beef jerkies
 l - a slice of pizza
 p - 2 meat rations
 G - a royal jelly


   Skills:
 + Level 8.9(8.3) Fighting
   Level 1.2(0.7) Short Blades
 * Level 11.3(10.6) Maces & Flails
 + Level 6.5(5.9) Throwing
 - Level 0.8(0.3) Dodging
 - Level 3.2(2.7) Stealth


You had 5 spell levels left.
You knew the following spells:

 Your Spells              Type           Power        Failure   Level  Hunger
a - Regeneration          Chrm/Necr      #.........   83%         3    ####...


Dungeon Overview and Level Annotations

Branches:
Dungeon (11/15)            Temple (1/1) D:6
   Lair: D:8-11         Orc: D:9-12

Altars:
Ashenzari
Dithmenos
Elyvilon
Gozag
Makhleb
Okawaru
Qazlal
Sif Muna
Trog
Uskayaw
Yredelemnul
Zin
The Shining One

Shops:
D:6 (


Innate Abilities, Weirdness & Mutations

You are too large for most types of armour.
You have tough skin. (AC +1)


Message History

The tomahawk barely misses the giant frog.
The giant frog hits you but does no damage.
Throwing (i - inventory):
v - a tomahawk (quivered)
Press: ? - help, Shift-Dir - straight line, f/p - giant frog
Aim: a giant frog You throw a tomahawk.
The tomahawk closely misses the giant frog.
The giant frog barely misses you. The giant frog hits you.
* * * LOW HITPOINT WARNING * * *
You hit the giant frog but do no damage.
You hit the giant frog but do no damage.
The giant frog hits you.
* * * LOW HITPOINT WARNING * * *
A killer bee comes into view.
The killer bee buzzes angrily.
You hit the giant frog.
The giant frog is lightly wounded.
The giant frog hits you.
* * * LOW HITPOINT WARNING * * *
Are you sure you want to abandon this character and quit the game? (Confirm with "yes".)

# #.##.#.#.# # #.##.#...# ### #
#.##.#...# #.# #
#####.##.#...###########.#
####.............)..........#
........)##.#...##..#######.#
####..#..##.#...##..# #.#
......#..##.#..<##..#######.#
..........y.....@F>.........#
.........##.#..###..#######.#
............#..###..# #.#
....................### #.#
......................# #.#
#####.#.###.##........# #.#
#####.#.# #.######..#.#####.###
......#.###...................#
......#.....##.###..#.###.#.#.#


You could see a giant frog and a killer bee.

Vanquished Creatures
  Sigmund (D:4)
  An orc warrior (D:7)
  3 phantoms
  A centaur (D:6)
  5 ogres
  3 giant frogs
  3 jellies
  A scorpion (D:6)
  5 killer bees (D:8)
  2 howler monkeys
  2 crimson imps
  A quasit (D:6)
  4 hounds
  An orc priest (D:8)
  5 orc wizards
  5 iguanas
  6 worker ants
  A hound zombie (D:8)
  7 gnolls
  6 adders
  A shadow imp (D:5)
  An ooze (D:3)
  An adder skeleton (D:3)
  2 giant geckos
  20 orcs
  2 ball pythons
  4 giant cockroaches
  2 goblins (D:3)
  2 hobgoblins
  2 jackals (D:4)
  3 quokkas
  3 bats
  A giant newt (D:3)
  A jackal skeleton (D:7)
  A kobold (D:3)
  3 rats (D:3)
112 creatures vanquished.

Notes
Turn   | Place    | Note
-------+----------+-------------------------------------------
     0 | D:1      | Gruud the Ogre Assassin began the quest for the Orb.
     0 | D:1      | Reached XP level 1. HP: 22/22 MP: 1/1
   205 | D:3      | Reached XP level 2. HP: 31/31 MP: 2/2
   503 | D:3      | Reached skill level 2 in Maces & Flails
   503 | D:3      | Reached XP level 3. HP: 30/39 MP: 3/3
   570 | D:4      | Found a glowing silver altar of Zin.
   571 | D:4      | Noticed an angel
   579 | D:4      | Noticed an ogre
   605 | D:3      | Killed an ogre
   605 | D:3      | Reached skill level 3 in Maces & Flails
   605 | D:3      | Reached XP level 4. HP: 24/49 MP: 4/4
   605 | D:3      | Reached XP level 5. HP: 27/55 MP: 5/5
   635 | D:3      | Reached skill level 4 in Maces & Flails
   818 | D:5      | Entered Level 5 of the Dungeon
   819 | D:5      | Found an iron altar of Okawaru.
   827 | D:5      | Noticed an ice beast
  1132 | D:4      | Reached skill level 5 in Fighting
  1132 | D:4      | Reached XP level 6. HP: 58/66 MP: 6/6
  1153 | D:4      | Noticed Sigmund
  1165 | D:4      | Killed Sigmund
  1165 | D:4      | Reached skill level 5 in Maces & Flails
  1381 | D:4      | Reached skill level 6 in Maces & Flails
  1381 | D:4      | Reached XP level 7. HP: 64/72 MP: 7/7
  2261 | D:4      | Found a shattered altar of Ashenzari.
  2309 | D:4      | Reached skill level 7 in Maces & Flails
  2607 | D:5      | HP: 3/76 [poisoned by an adder]
  2613 | D:5      | Reached XP level 8. HP: 10/84 MP: 8/8
  2951 | D:5      | Reached skill level 8 in Maces & Flails
  3181 | D:5      | Learned a level 3 spell: Regeneration
  3377 | D:5      | Reached skill level 5 in Throwing
  3707 | D:6      | Reached skill level 9 in Maces & Flails
  4118 | D:6      | Found Feazouh's Weapon Shoppe.
  4121 | D:6      | Bought 7 needles of paralysis for 46 gold pieces
  4185 | D:6      | Found a staircase to the Ecumenical Temple.
  4194 | Temple   | Entered the Ecumenical Temple
  4282 | Temple   | Became a worshipper of Uskayaw the Reveler
  4301 | D:6      | Reached * piety under Uskayaw
  4417 | D:6      | Reached ** piety under Uskayaw
  4493 | D:6      | Reached *** piety under Uskayaw
  4495 | D:6      | Reached **** piety under Uskayaw
  4498 | D:6      | Found a shattered altar of Ashenzari.
  4718 | D:7      | Reached XP level 9. HP: 95/96 MP: 9/9
  4750 | D:7      | Found a glowing golden altar of the Shining One.
  4841 | D:8      | Reached skill level 10 in Maces & Flails
  4861 | D:8      | Noticed a hill giant
  5518 | D:7      | Found a white marble altar of Elyvilon.
  5518 | D:7      | Found a basalt altar of Yredelemnul.
  5518 | D:7      | Found a burning altar of Makhleb.
  6070 | D:8      | Reached skill level 11 in Maces & Flails
  6085 | D:8      | Reached ***** piety under Uskayaw
  6478 | D:10     | Entered Level 10 of the Dungeon
  6519 | D:11     | Noticed a hill giant
  6519 | D:11     | Noticed a skeletal warrior
  6519 | D:11     | Noticed a skeletal warrior
  6519 | D:11     | Noticed a skeletal warrior
  6519 | D:11     | Noticed a skeletal warrior
  6597 | D:7      | HP: 2/97 [giant frog (6)]
  6598 | D:7      | Quit the game

Vault maps used:
D:1:      dpeg_arrival_snail
D:2:      lemuel_doored_altar, led_sif_pool
D:3:      first_bread, st_stairs_5
D:4:      zin_angel, supply_closet_lemuel, nicolae_ashenzari_panopticon,
          uniq_sigmund
D:5:      okawaru_trees_1
D:6:      old_standard_altar, serial_shops, kennysheep_mini
D:7:      lemuel_coloured_pillars_altar, gammafunk_temple_overflow_claw
D:8:      grunt_ministairs_11, uniq_grum
D:9:      nemelex_altar_shiori, hangedman_ranch, minmay_hollow_rounded_squares
D:10:     due_lair_maze_entry_diamond, serial_shops, shop,
          lemuel_mausoleum_altar_kikubaaqudgha
D:11:     trove_entry_hex_spiral, lab_entry_generic
Temple:   nicolae_temple_figure_eight

Skill      XL: |  1  2  3  4  5  6  7  8  9 |
---------------+----------------------------+-----
Fighting       | 3 4 5 6 8 |  8.9
Maces & Flails | 2 3 4 6 7 9 11 | 11.3
Throwing       | 3 4 5 6 |  6.5
Short Blades   | |  1.2
Dodging        | |  0.8
Stealth        | |  3.2

Action                   |  1- 3 |  4- 6 |  7- 9 || total
-------------------------+-------+-------+-------++-------
Melee: Dagger            |    38 |       |       ||    38
       Mace              |       |     9 |       ||     9
       Flail             |       |    15 |   163 ||   178
       Whip              |       |       |   163 ||   163
       Giant spiked club |       |       |    15 ||    15
 Fire: Blowgun           |    10 |    24 |    12 ||    46
Throw: Tomahawk          |       |       |   128 ||   128
Evoke: Wand              |       |       |     2 ||     2
  Use: Potion            |       |       |     7 ||     7
       Scroll            |       |       |    10 ||    10
 Stab: Sleeping          |     2 |       |     5 ||     7
       Paralysed         |       |       |     3 ||     3
  Eat: Chunk             |       |     1 |    17 ||    18
Armor: Robe              |     5 |     6 |    84 ||    95
       Skin              |       |       |    16 ||    16
Dodge: Dodged            |    15 |    14 |   140 ||   169
